 Dungeon Crawl Stone Soup version 0.22-a0-305-gd21a89c (webtiles) character file.

11067 vishdafish the Carver (level 11, 0/86 HPs)
             Began as a Demonspawn Fighter on Mar 30, 2018.
             Was a Priest of Vehumet.
             Killed by vampiric draining
             ... invoked by a vampire
              (16 damage)
             ... on level 11 of the Dungeon.
             The game lasted 00:18:51 (11901 turns).

vishdafish the Carver (Demonspawn Fighter)         Turns: 11901, Time: 00:18:54

Health: 0/86       AC: 14    Str: 16    XL:     11   Next: 44%
Magic:  14/14      EV: 11    Int: 17    God:    Vehumet [***...]
Gold:   778        SH: 11    Dex: 14    Spells: 13/14 levels left

rFire    . . .     SeeInvis .   G - +5 scimitar
rCold    + . .     Gourm    .   c - +0 shield
rNeg     . . .     Faith    .   b - +0 scale mail
rPois    .         Spirit   .   y - +2 hat
rElec    .         Reflect  .   (no cloak)
rCorr    .         Harm     .   (no gloves)
MR       +....                  C - +1 pair of boots
Stlth    ..........             (no amulet)
HPRegen  0.24/turn              E - ring of protection from cold
MPRegen  0.14/turn              F - ring of protection from magic

@: brilliant
A: horns 2, iridescent scales 1, powered by death 1, spiny 2
a: Renounce Religion


You were on level 11 of the Dungeon.
You worshipped Vehumet.
Vehumet was most pleased with you.
You were hungry.

You visited 2 branches of the dungeon, and saw 12 of its levels.

You collected 778 gold pieces.

Inventory:

Hand Weapons
 a - a +0 long sword
 d - a +0 scimitar of flaming
 G - a +5 scimitar (weapon)
Armour
 b - a +0 scale mail (worn)
 c - a +0 shield (worn)
 w - the +1 robe "Wiukasy" {MR+ Int+7}
   (You took it off Erica on level 8 of the Dungeon)

   It affects your intelligence (+7).
   It affects your resistance to hostile enchantments.
 y - a +2 hat (worn)
 C - a +1 pair of boots (worn)
 H - a -1 ring mail
Jewellery
 g - a +3 ring of dexterity
 x - an uncursed ring of protection from fire
 E - a ring of protection from cold (left hand)
 F - a ring of protection from magic (right hand)
 M - an uncursed ring of protection from fire
Wands
 s - a wand of clouds (1)
 B - a wand of flame (29)
 D - a wand of polymorph (14)
 K - a wand of random effects (21)
 N - a wand of iceblast (17)
 O - a wand of scattershot (5)
Scrolls
 h - 2 scrolls of enchant weapon
 i - 4 scrolls of teleportation
 p - 2 scrolls of random uselessness {unknown}
 q - 3 scrolls of fog
 r - a scroll of magic mapping {unknown}
 t - 4 scrolls of amnesia
 v - 3 scrolls of remove curse
 A - a scroll of enchant armour {unknown}
 J - a scroll of noise {unknown}
Potions
 e - 4 potions of curing
 j - a potion of heal wounds {unknown}
 k - a potion of haste {unknown}
 l - a potion of cancellation {unknown}
 m - 2 potions of agility {unknown}
 n - a potion of mutation {unknown}
 o - 2 potions of brilliance
 u - a potion of lignification {unknown}
 z - 2 potions of degeneration {unknown}
 I - a potion of flight {unknown}
 P - 2 potions of ambrosia {unknown}
Comestibles
 f - 20 rations


   Skills:
 + Level 8.3 Fighting
 + Level 8.8 Long Blades
 - Level 7.1 Armour
 + Level 6.3 Dodging
 - Level 1.5 Stealth
 + Level 7.8 Shields
 - Level 2.0 Spellcasting
 - Level 3.0 Conjurations
 + Level 1.5 Fire Magic


You had 13 spell levels left.
You knew the following spells:

 Your Spells              Type           Power        Failure   Level  Hunger
a - Flame Tongue          Conj/Fire      ###..        7%          1    #......


Dungeon Overview and Level Annotations

Branches:
Dungeon (11/15)            Temple (1/1) D:5            Lair (0/6) D:9
    Orc (0/2) D:9

Altars:
Ashenzari
Cheibriados
Dithmenos
Elyvilon
Fedhas
Gozag
Hepliaklqana
Kikubaaqudgha
Makhleb
Nemelex Xobeh
Okawaru
Qazlal
Ru
Sif Muna
Trog
Uskayaw
Vehumet
Wu Jian
Xom
Yredelemnul
Zin
The Shining One

Shops:
D:5 [   D:7 :   D:9 [   D:10 [


Innate Abilities, Weirdness & Mutations

You have a pair of horns on your head.
You are partially covered in iridescent scales. (AC +2)
You regenerate a little health from kills.
You are mostly covered in sharp spines.


Message History

* * * LOW HITPOINT WARNING * * *
The vampire draws strength from your injuries!
You closely miss the vampire.
The vampire is severely damaged.
You block something's attack. You block the vampire's attack.
The vampire bites you but does no damage.
You hit the vampire but do no damage.
The vampire is severely damaged.
Something hits you.
* * * LOW HITPOINT WARNING * * *
You block the vampire's attack. The vampire bites you.
* * * LOW HITPOINT WARNING * * *
The vampire draws strength from your injuries!
You hit the vampire.
You headbutt the vampire, but do no damage.
The vampire is severely damaged.
Something hits you.
* * * LOW HITPOINT WARNING * * *
The vampire is infused with unholy energy.
You die...

##..##.......##
.......####### #.
###..### #.# ..>..######
)... ..........# # [..!.
.###.###### ## #.#..[..
.....# ##.#.#{.?..$
.###.########.#.#V#.../.
.# #.##...##.#..@..#.#
.# #......###....)..# ##
####...##.#..%..#.#
#...###†.%....##
#...##.#.....#.#
###.#.#.#.#.#.##
#..#.#.#.#.##
###.#.###### ##.##


You could see a vampire.

Vanquished Creatures
  Erica (D:8)
  2 two-headed ogres (D:9)
  The ghost of vishdafish the Insei, a novice DsFi of Makhleb (D:10)
  Pikel (D:4)
  The ghost of xccam the Carver, a novice FoFi of Fedhas (D:6)
  A troll (D:9)
  A hippogriff (D:11)
  5 yaks (D:9)
  4 hogs (D:7)
  A human (D:7)
  A black bear (D:8)
  An ice beast (D:7)
  2 orc warriors
  2 sky beasts
  2 necrophages
  3 wolves (D:9)
  10 ogres
  5 centaurs
  A crocodile (D:7)
  2 big kobolds
  The ghost of Fingolfin the Conjurer, an amateur DEFE (D:3)
  2 bullfrogs
  2 scorpions
  15 killer bees
  4 wights (D:7)
  3 electric eels (D:9)
  7 howler monkeys
  7 crimson imps
  2 bullfrog zombies
  3 centaur zombies
  2 jellies
  2 centaur skeletons
  An orc priest (D:5)
  6 hounds
  6 orc wizards
  Jessica (D:2)
  An iguana (D:11)
  8 worker ants
  A hound skeleton (D:6)
  11 adders
  16 gnolls
  A howler monkey skeleton (D:10)
  4 shadow imps
  2 oozes
  An adder skeleton (D:6)
  2 adder zombies
  2 worms
  2 dart slugs (D:2)
  5 leopard geckos
  30 orcs
  8 bats
  6 giant cockroaches
  4 goblins
  7 hobgoblins
  10 jackals
  18 kobolds
  A quokka (D:11)
  5 frilled lizards
  8 rats
264 creatures vanquished.

Vanquished Creatures (others)
  An adder (D:9)
  An orc (D:9)
2 creatures vanquished.

Grand Total: 266 creatures vanquished

Notes
Turn   | Place    | Note
-------+----------+-------------------------------------------
     0 | D:1      | vishdafish the Demonspawn Fighter began the quest for the Orb.
     0 | D:1      | Reached XP level 1. HP: 18/18 MP: 1/1
   304 | D:1      | Gained mutation: You are partially covered in sharp spines. [demonic ancestry]
   304 | D:1      | Reached XP level 2. HP: 19/24 MP: 2/2
   796 | D:1      | Reached XP level 3. HP: 29/29 MP: 3/3
   860 | D:1      | You fall through a shaft!
   860 | D:2      | Found a blossoming altar of Fedhas.
  1519 | D:2      | Noticed Jessica
  1531 | D:2      | Killed Jessica
  1531 | D:2      | Gained mutation: You are mostly covered in sharp spines. [demonic ancestry]
  1531 | D:2      | Reached XP level 4. HP: 13/35 MP: 4/4
  2161 | D:3      | Found a hide-covered altar of Uskayaw.
  2181 | D:3      | Gained mutation: You regenerate a little health from kills. [demonic ancestry]
  2181 | D:3      | Reached XP level 5. HP: 30/41 MP: 5/5
  2662 | D:3      | Found a bloodstained altar of Trog.
  2964 | D:3      | Noticed Fingolfin's ghost (amateur DEFE)
  2976 | D:3      | Killed Fingolfin's ghost
  2976 | D:3      | Reached skill level 1 in Dodging
  3460 | D:4      | Gained mutation: You have a pair of small horns on your head. [demonic ancestry]
  3460 | D:4      | Reached XP level 6. HP: 19/48 MP: 6/6
  3623 | D:4      | Noticed Pikel
  3623 | D:4      | Noticed a slave
  3623 | D:4      | Noticed a slave
  3623 | D:4      | Noticed a slave
  3624 | D:4      | Noticed a slave
  3679 | D:4      | Killed Pikel
  3679 | D:4      | Reached skill level 1 in Stealth
  3679 | D:4      | Gained mutation: You are partially covered in iridescent scales. (AC +2) [demonic ancestry]
  3679 | D:4      | Reached XP level 7. HP: 44/54 MP: 7/7
  3953 | D:4      | Found a shattered altar of Ashenzari.
  4273 | D:4      | Found a sparkling altar of Nemelex Xobeh.
  4391 | D:5      | Entered Level 5 of the Dungeon
  4417 | D:5      | Reached skill level 5 in Long Blades
  4460 | D:5      | Gained mutation: You have a pair of horns on your head. [demonic ancestry]
  4460 | D:5      | Reached XP level 8. HP: 59/61 MP: 8/8
  4464 | D:5      | Found a shimmering altar of Xom.
  4575 | D:5      | Found a staircase to the Ecumenical Temple.
  4603 | Temple   | Entered the Ecumenical Temple
  4792 | D:5      | Found a hazy altar of Hepliaklqana.
  4796 | D:5      | Found a radiant altar of Vehumet.
  4815 | D:5      | Became a worshipper of Vehumet
  5142 | D:5      | Found Cifaythu's Armour Emporium.
  5247 | D:6      | Reached skill level 5 in Armour
  5410 | D:6      | Noticed xccam's ghost (novice FoFi)
  5428 | D:6      | Killed xccam's ghost
  5428 | D:6      | Reached skill level 5 in Fighting
  5428 | D:6      | Reached skill level 5 in Shields
  5754 | D:6      | Found an opulent altar of Gozag.
  6005 | D:6      | Found a basalt altar of Yredelemnul.
  6099 | D:6      | Found a glowing golden altar of the Shining One.
  6399 | D:6      | Noticed an angel
  6452 | D:7      | Reached XP level 9. HP: 62/68 MP: 9/9
  6502 | D:7      | Found a basalt altar of Yredelemnul.
  6637 | D:7      | Found Xoes Gull's Book Emporium.
  7064 | D:7      | Found a sparkling altar of Nemelex Xobeh.
  7114 | D:7      | Found a deep blue altar of Sif Muna.
  7293 | D:7      | Reached * piety under Vehumet
  7293 | D:7      | Offered knowledge of Flame Tongue by Vehumet.
  7859 | D:8      | Found a snail-covered altar of Cheibriados.
  7897 | D:8      | Noticed Erica
  8148 | D:8      | Reached XP level 10. HP: 77/77 MP: 10/10
  8451 | D:8      | Killed Erica
  8533 | D:8      | Got a dull robe
  8546 | D:8      | Identified the +1 robe "Wiukasy" {MR+ Int+7} (You took it off Erica on level 8 of the Dungeon)
  8864 | D:8      | Found a shadowy altar of Dithmenos.
  9165 | D:9      | Noticed a two-headed ogre
  9216 | D:9      | Found a shattered altar of Ashenzari.
  9216 | D:9      | Noticed a two-headed ogre
  9221 | D:9      | Killed a two-headed ogre
  9221 | D:9      | Reached skill level 5 in Dodging
  9221 | D:9      | Reached skill level 1 in Spellcasting
  9567 | D:9      | Found Jesch's Armour Emporium.
  9595 | D:9      | Learned a level 1 spell: Flame Tongue
  9607 | D:9      | Reached ** piety under Vehumet
  9614 | D:9      | Offered knowledge of Sandblast by Vehumet.
  9720 | D:9      | Found a staircase to the Lair.
  9962 | D:9      | Reached skill level 1 in Conjurations
 10327 | D:9      | Found a staircase to the Orcish Mines.
 10362 | D:9      | Reached XP level 11. HP: 51/85 MP: 14/14
 10403 | D:9      | Killed a two-headed ogre
 10622 | D:10     | Entered Level 10 of the Dungeon
 10697 | D:10     | Noticed vishdafish's ghost (novice DsFi)
 10708 | D:10     | Killed vishdafish's ghost
 10762 | D:10     | Offered knowledge of Conjure Flame by Vehumet.
 10928 | D:10     | Found Wosat's Antique Armour Emporium.
 11284 | D:11     | Reached *** piety under Vehumet
 11374 | D:11     | Reached skill level 1 in Fire Magic
 11552 | D:11     | Offered knowledge of Dazzling Spray by Vehumet.
 11901 | D:11     | Killed from afar by a vampire

Vault maps used:
D:1:      lightli_arrival_noodles, hex_large
D:2:      fedhas_altar_fruit_tree, uniq_jessica
D:3:      lemuel_round_altar, lightli_temple_of_fire, first_ration
D:4:      nicolae_ashenzari_panopticon, lemuel_coloured_pillars_altar,
          uniq_pikel
D:5:      kennysheep_mini, grunt_temple_overflow_open,
          minmay_temple_entry_enclosed_plants, serial_shops,
          kennysheep_mini_moat
D:6:      grunt_temple_overflow_holy_war, nicolae_overflow_crystal_walls
D:7:      lemuel_blue_sif_altar, serial_shops, shop, basic_altar,
          grunt_livestock, nemelex_dance_club_becter
D:8:      lemuel_doored_altar, nicolae_overflow_hidden_temple,
          lemuel_flame_loot_1, uniq_erica
D:9:      erik_lair_island, orc_david_3, basic_altar
D:10:     serial_shops, nicolae_shop_stone
D:11:     hangedman_batty
Temple:   jpeg_temple_island

Skill      XL: |  1  2  3  4  5  6  7  8  9 10 11 |
---------------+----------------------------------+-----
Armour         | 3 4 5 6 7 |  7.1
Long Blades    | 2 3 4 5 6 7 8 |  8.8
Shields        | 3 4 5 6 7 |  7.8
Dodging        | 1 2 4 5 6 |  6.3
Fighting       | 4 5 6 7 8 |  8.3
Stealth        | 1 |  1.5
Spellcasting   | 2 |  2.0
Conjurations   | 2 3 |  3.0
Fire Magic     | 1 |  1.5

Action                   |  1- 3 |  4- 6 |  7- 9 | 10-12 || total
-------------------------+-------+-------+-------+-------++-------
Melee: Long sword        |   110 |    94 |   250 |       ||   454
       Headbutt          |       |     2 |    50 |    59 ||   111
       Scimitar          |       |       |    15 |   280 ||   295
 Cast: Flame Tongue      |       |       |       |     2 ||     2
Evoke: Wand              |       |       |       |    19 ||    19
  Use: Potion            |     1 |     1 |       |     3 ||     5
       Scroll            |       |       |     6 |     2 ||     8
 Stab: Sleeping          |       |       |       |     1 ||     1
  Eat: Chunk             |     1 |     4 |     9 |     4 ||    18
       Ration            |       |     1 |     2 |     2 ||     5
Armor: Scale mail        |    45 |    39 |    80 |    61 ||   225
       Ring mail         |       |       |     3 |     9 ||    12
Dodge: Dodged            |    24 |    29 |    87 |    86 ||   226
Block: Shield            |    42 |    50 |   124 |   139 ||   355
       Rpst.: Long sword |    10 |    13 |    18 |       ||    41
       Scimitar          |       |       |     1 |    26 ||    27

Table legend:
 A = Spawn XP
 B = Non-spawn XP
 C = Spawn XP percentage of total XP
 D = Spawn monster count
 E = Non-spawn monster count
 F = Spawn count percentage of total count
 G = Total turns spent on level
                    A         B        C        D         E        F      G
               +---------+---------+-------+---------+---------+-------+---------
         Total |       0 |   15810 |   0.0 |       0 |     264 |   0.0 | 11901
               +---------+---------+-------+---------+---------+-------+---------
           D:1 |       0 |      49 |   0.0 |       0 |      27 |   0.0 |  1062
           D:2 |       0 |     124 |   0.0 |       0 |      18 |   0.0 |  1018
           D:3 |       0 |     192 |   0.0 |       0 |      22 |   0.0 |  1225
           D:4 |       0 |     900 |   0.0 |       0 |       8 |   0.0 |  1086
           D:5 |       0 |     468 |   0.0 |       0 |      24 |   0.0 |   737
           D:6 |       0 |     995 |   0.0 |       0 |      14 |   0.0 |  1238
           D:7 |       0 |    2322 |   0.0 |       0 |      30 |   0.0 |  1489
           D:8 |       0 |    2192 |   0.0 |       0 |      19 |   0.0 |  1294
           D:9 |       0 |    4792 |   0.0 |       0 |      46 |   0.0 |  1395
          D:10 |       0 |    1673 |   0.0 |       0 |      18 |   0.0 |   656
          D:11 |       0 |    2103 |   0.0 |       0 |      38 |   0.0 |   623
               +---------+---------+-------+---------+---------+-------+---------
